 Dungeon Sprint DCSS version 0.19.0-11-g3fc08b3 (webtiles) character file.

2 poirepourri the Skirmisher (level 1, -3/18 HPs)
             Began as a Ghoul Warper on Nov 9, 2016.
             Slain by a human (7 damage)
             ... in the Dungeon (Sprint III: "The Ten Rune Challenge").
             The game lasted 00:00:32 (231 turns).

poirepourri the Skirmisher (Ghoul Warper)            Turns: 231, Time: 00:00:33

Health: -3/18      AC:  3    Str: 14    XL:     1   Next: 40%
Magic:  2/2        EV: 11    Int:  8    God:
Gold:   0          SH:  0    Dex:  8    Spells: 0 memorised, 4 levels left

rFire  . . .     SeeInvis .       - Unarmed
rCold  + . .     Gourm    .     a - +0 leather armour
rNeg   + + +     Faith    .     (no shield)
rPois  ∞         Spirit   .     (no helmet)
rElec  .         Reflect  .     (no cloak)
rCorr  .         Harm     .     (no gloves)
MR     .....     NoTele   +     (no boots)
Stlth  +.........               (no amulet)
                                (no ring)
                                l - ring of positive energy

@: very slightly contaminated, rotting, hasted, very quick
A: rotting body, claws 1, carnivore 3, cold resistance 1, negative energy
resistance 3, slow regeneration 1, torment resistance, unbreathing
a: no special abilities


You were in the Dungeon.
You were not hungry.

You visited 1 branch

Inventory:

Missiles
 d - 5 tomahawks of dispersal (quivered)
Armour
 a - a +0 leather armour (worn)
Jewellery
 l - a ring of positive energy (left claw)
Scrolls
 c - 2 scrolls of blinking
Potions
 i - 2 potions of magic
Books
 b - a book of Spatial Translocations

   Spells                             Type                      Level
   a - Blink                          Translocation                2
   b - Shroud of Golubria             Charms/Translocation         2
   c - Lesser Beckoning               Translocation                3
   d - Portal Projectile              Translocation                3
   e - Teleport Other                 Translocation                3
   f - Passage of Golubria            Translocation                4
Comestibles
 f - a meat ration
 k - a slice of pizza


   Skills:
 + Level 2.8 Fighting
 + Level 0.8 Throwing
 + Level 0.8 Armour
 + Level 2.0 Dodging
 + Level 2.6 Unarmed Combat
 + Level 2.0 Spellcasting
   Level 2.6 Translocations


You had 4 spell levels left.
You didn't know any spells.

Dungeon Overview and Level Annotations

Branches:
Dungeon (1/1)

Altars:


Innate Abilities, Weirdness & Mutations

Your body is rotting away.
You thrive on raw meat.
You are immune to poison.
You have sharp fingernails.
You are carnivorous and can eat meat at any time.
Your flesh is cold resistant. (rC+)
You are immune to negative energy. (rN+++)
You regenerate slowly when monsters are visible.
You are immune to unholy pain and torment.
You can survive without breathing.


Message History

The human is moderately wounded.
The human closely misses you.
You barely miss the human.
The human is moderately wounded.
The human hits you.
* * * LOW HITPOINT WARNING * * *
You miss the human. Your claw misses the human.
The human is moderately wounded.
The human hits you.
* * * LOW HITPOINT WARNING * * *
You feel better. The human barely misses you.
You feel yourself speed up. The human hits you.
* * * LOW HITPOINT WARNING * * *
You are very lightly contaminated with residual magic.
You scratch the human.
The human is moderately wounded.
You scratch the human. Your claw misses the human.
The human is moderately wounded.
The human hits you!
You die...

▓..†..#
▓.....#...≈≈♣.♣♣♣
▓.....#..≈≈≈≈.♣..
▓####'#..≈≈≈≈≈≈..
▓....†#.≈≈≈≈≈≈...
▓.....#.≈≈≈≈≈....
▓..!..#.≈≈≈......
▓'#####..........
▓....@p..........
▓▓▓▓▓▓▓▓▓▓▓▓▓▓▓▓▓


You could see a human.

Vanquished Creatures
  4 rats (D)
4 creatures vanquished.

Vanquished Creatures (others)
  A draconian scorcher (D)
  5 hellions (D)
  A yaktaur (D)
  A plant (D)
8 creatures vanquished.

Grand Total: 12 creatures vanquished

Notes
Turn   | Place    | Note
-------+----------+-------------------------------------------
     0 | D        | poirepourri the Ghoul Warper began the quest for the Orb.
     0 | D        | Reached XP level 1. HP: 17/17 MP: 2/2
   105 | D        | Killed a hellion
   128 | D        | Killed a hellion
   129 | D        | Killed a hellion
   151 | D        | Killed a yaktaur
   158 | D        | Killed a hellion
   159 | D        | Killed a hellion
   230 | D        | Killed a white draconian scorcher
   231 | D        | Slain by a human

Skill      XL: |  1 |
---------------+----+-----
Dodging        | 2 |  2.0
Spellcasting   | 2 |  2.0
Fighting       | |  2.8
Throwing       | |  0.8
Armour         | |  0.8
Unarmed Combat | |  2.6
Translocations | |  2.6

Action                   || total
-------------------------++-------
Melee: Unarmed           ||    20
  Use: Potion            ||     3
Armor: Leather armour    ||     3
Dodge: Dodged            ||     9
